 Dungeon Crawl Stone Soup version 0.21.1-1-g345015f (webtiles) character file.

136 xccam the Archer (level 4, 0/36 HPs)
             Began as a Centaur Hunter on Mar 28, 2018.
             Slain by Pad's ghost (2 damage)
             ... on level 3 of the Dungeon.
             The game lasted 00:07:25 (2970 turns).

xccam the Archer (Centaur Hunter)                   Turns: 2970, Time: 00:07:26

Health: 0/36       AC:  6    Str: 15    XL:     4   Next: 98%
Magic:  4/4        EV:  8    Int: 10    God:
Gold:   111        SH:  0    Dex: 10    Spells: 3/3 levels left

rFire    + . .     SeeInvis .   a - +1 shortbow
rCold    + . .     Gourm    .   (shield currently unavailable)
rNeg     . . .     Faith    .   h - +0 ring mail
rPois    .         Spirit   .   r - +0 helmet
rElec    .         Reflect  .   m - scarf {rC+ rF+}
rCorr    .         Harm     .   (no gloves)
MR       .....                  (no barding)
Stlth    ..........             (no amulet)
HPRegen  0.12/turn              (no ring)
MPRegen  0.09/turn              (no ring)

@: very quick
A: large, hooves 3, deformed body, speed 2, tough skin 3
a: no special abilities


You were on level 3 of the Dungeon.
You were not hungry.

You visited 1 branch of the dungeon, and saw 3 of its levels.

You collected 111 gold pieces.

Inventory:

Hand Weapons
 a - a +1 shortbow (weapon)
 b - a +0 short sword
 d - a +0 hunting sling
Missiles
 s - 3 arrows (quivered)
 t - 77 stones
Armour
 c - a +0 leather armour
 h - a +0 ring mail (worn)
 m - a scarf of resistance (worn)
 p - a +0 cloak
 r - a +0 helmet (worn)
Scrolls
 e - 2 scrolls of identify {unknown}
 k - a scroll of teleportation {unknown}
 q - a scroll of remove curse
Potions
 g - a potion of haste {unknown}
 i - a potion of mutation {unknown}
 j - a potion of lignification {unknown}
 l - a potion of curing {unknown}
 n - a potion of flight {unknown}
 o - a potion of agility {unknown}
Comestibles
 f - 2 rations


   Skills:
 - Level 2.0 Fighting
 + Level 8.4 Bows
 - Level 1.3 Dodging
 - Level 0.4 Stealth


You had 3 spell levels left.
You didn't know any spells.

Dungeon Overview and Level Annotations

Branches:
Dungeon (3/15)

Altars:

Annotations:
D:3 Pad's ghost, amateur GrEE


Innate Abilities, Weirdness & Mutations

You have hooves in place of feet.
Armour fits poorly on your strangely shaped body.
You cover ground very quickly.
You have extremely tough skin. (AC +3)


Message History

Press: ? - help, Shift-Dir - straight line, f/p - Pad's ghost
Aim: Pad's ghost (severely damaged)
You shoot an arrow. The arrow closely misses Pad's ghost.
Pad's ghost whispers, "There is no future for you."
Pad's ghost casts a spell at you. The blast of sand hits you!
Firing (i - inventory. (,) - cycle):
s - 5 arrows (quivered)
Press: ? - help, Shift-Dir - straight line, f/p - Pad's ghost
Aim: Pad's ghost (severely damaged)
You shoot an arrow. The arrow closely misses Pad's ghost.
Pad's ghost gestures at you while chanting.
The stone arrow hits you!
* * * LOW HITPOINT WARNING * * *
Firing (i - inventory. (,) - cycle):
s - 4 arrows (quivered)
Press: ? - help, Shift-Dir - straight line, f/p - Pad's ghost
Aim: Pad's ghost (severely damaged)
You shoot an arrow. The arrow barely misses Pad's ghost.
Pad's ghost says, "You will never get the ORB!"
Pad's ghost hits you.
You die...

#### #...
#################.##
#.(@W(((..(.W.(.#.#.
#.#############(#.#.
###'#############(#.#.
#...............#W#.#.
#......)#.....#.#.#.#.
#.......#.....#.#<#.#.
#.......#.....#.###.#.
#.......#.....#.....#.
###.#.###.....########


You could see Pad's ghost.

Vanquished Creatures
  Jessica (D:2)
  Robin (D:2)
  A gnoll (D:1)
  2 adders (D:2)
  A worm (D:2)
  A dart slug (D:2)
  3 leopard geckos (D:1)
  2 giant cockroaches (D:1)
  11 goblins
  11 hobgoblins
  8 jackals (D:2)
  A quokka (D:3)
  5 bats
  4 frilled lizards
  5 kobolds
  6 rats
63 creatures vanquished.

Notes
Turn   | Place    | Note
-------+----------+-------------------------------------------
     0 | D:1      | xccam the Centaur Hunter began the quest for the Orb.
     0 | D:1      | Reached XP level 1. HP: 17/17 MP: 1/1
   237 | D:1      | Reached skill level 6 in Bows
   237 | D:1      | Reached XP level 2. HP: 21/24 MP: 2/2
   673 | D:1      | Reached XP level 3. HP: 28/29 MP: 3/3
  1172 | D:2      | Noticed Jessica
  1185 | D:2      | Killed Jessica
  1185 | D:2      | Reached skill level 7 in Bows
  1303 | D:2      | Reached XP level 4. HP: 13/36 MP: 4/4
  1861 | D:2      | Noticed Robin
  1897 | D:2      | Killed Robin
  1897 | D:2      | Reached skill level 8 in Bows
  2579 | D:3      | Noticed Pad's ghost (amateur GrEE)
  2970 | D:3      | Slain by Pad's ghost

Skill      XL: |  1  2  3  4 |
---------------+-------------+-----
Bows           | 6 7 8 |  8.4
Fighting       | |  2.0
Dodging        | |  1.3
Stealth        | |  0.4

Action                   |  1- 3 |  4- 6 || total
-------------------------+-------+-------++-------
Melee: Short sword       |    73 |    79 ||   152
       Kick              |     6 |    14 ||    20
 Fire: Shortbow          |    34 |    25 ||    59
       Hunting sling     |       |    20 ||    20
  Use: Scroll            |       |     1 ||     1
  Eat: Chunk             |       |     3 ||     3
       Ration            |       |     1 ||     1
Armor: Leather armour    |    33 |    18 ||    51
       Ring mail         |       |    15 ||    15
Dodge: Dodged            |    33 |    60 ||    93
